 Dungeon Crawl Stone Soup version 0.20.1-1-g8b1a95d66d (webtiles) character file.

24 Jerry the Skirmisher (level 2, 0/24 HPs)
             Began as a Demonspawn Chaos Knight on Nov 20, 2017.
             Slain by an adder (1 damage)
             ... on level 2 of the Dungeon.
             The game lasted 00:02:24 (570 turns).

Jerry the Skirmisher (Demonspawn Chaos Knight)       Turns: 570, Time: 00:02:24

Health: 0/24       AC:  3    Str: 12    XL:     2   Next: 79%
Magic:  2/2        EV: 11    Int: 13    God:    Xom [..*...]
Gold:   54         SH:  0    Dex: 12    Spells: 1/1 levels left

rFire    . . .     SeeInvis .   a - +1 hand axe (chaos)
rCold    + . .     Gourm    .   (no shield)
rNeg     . . .     Faith    .   b - +2 leather armour
rPois    .         Spirit   .   (helmet restricted)
rElec    .         Reflect  .   (no cloak)
rCorr    .         Harm     .   (no gloves)
MR       .....                  (no boots)
Stlth    +.........             (no amulet)
Regen    0.1/turn               (no ring)
MPRegen  0.1/turn               (no ring)

@: lethally poisoned (0 -> -15)
A: beak, horns 1, cold resistance 1, deformed body, evolution 1
a: Renounce Religion


You were on level 2 of the Dungeon.
You worshipped Xom.
You were a toy of Xom.
You were not hungry.

You visited 1 branch of the dungeon, and saw 2 of its levels.

You collected 54 gold pieces.

Inventory:

Hand Weapons
 a - a +1 hand axe of chaos (weapon)
Armour
 b - a +2 leather armour (worn)
 g - a +0 plate armour
Potions
 f - a potion of mutation
Comestibles
 c - a bread ration
 d - 6 chunks of flesh


   Skills:
 + Level 3.3 Fighting
 * Level 3.1 Axes
 + Level 2.2 Armour
 - Level 0.8 Dodging


You had one spell level left.
You didn't know any spells.

Dungeon Overview and Level Annotations

Branches:
Dungeon (1/15)

Altars:


Innate Abilities, Weirdness & Mutations

Your flesh is cold resistant. (rC+)
You have a beak for a mouth.
You have a pair of small horns on your head.
Armour fits poorly on your strangely shaped body.
You evolve.


Message History

The adder bites you but does no damage.
You barely miss the adder. Your headbutt misses the adder.
The adder is almost dead.
You feel sick. The adder bites you.
You are lethally poisoned!
The adder poisons you! The adder bites you.
* * * LOW HITPOINT WARNING * * *
You hit the adder but do no damage.
The adder seems to speed up.
Your peck misses the adder.
The adder is almost dead.
* * * LOW HITPOINT WARNING * * *
You feel sick. The adder bites you.
* * * LOW HITPOINT WARNING * * *
You are more poisoned.
The adder poisons you! The adder barely misses you.
You barely miss the adder. Your headbutt misses the adder.
The adder is almost dead.
* * * LOW HITPOINT WARNING * * *
You feel sick. The adder bites you.
You die...

###### !.#.. #.#.#
#
..#######.#.####..
.....hS@.........
...hh###.........
... #....#### )
#....## #.....#
#####.#####.
#.........#
#.#......##
#.##.##.#..


You could see an adder (inner flame) and 3 jackals.

Vanquished Creatures
  A dart slug (D:1)
  A leopard gecko (D:1)
  A ball python (D:1)
  3 bats (D:1)
  2 giant cockroaches (D:1)
  A hobgoblin (D:1)
  2 jackals (D:1)
  2 goblins (D:1)
  2 kobolds (D:1)
  4 rats (D:1)
19 creatures vanquished.

Vanquished Creatures (collateral kills)
  A jackal (D:1)
1 creature vanquished.

Grand Total: 20 creatures vanquished

Notes
Turn   | Place    | Note
-------+----------+-------------------------------------------
     0 | D:1      | Jerry the Demonspawn Chaos Knight began the quest for the Orb.
     0 | D:1      | Reached XP level 1. HP: 18/18 MP: 1/1
    84 | D:1      | Gained mutation: Your flesh is cold resistant. (rC+) [demonic ancestry]
    84 | D:1      | Reached XP level 2. HP: 20/24 MP: 2/2
   188 | D:1      | XOM: harmless Fire miscast
   542 | D:1      | You fall through a shaft!
   561 | D:2      | Gained mutation: You evolve. [potion of mutation]
   561 | D:2      | Gained mutation: Armour fits poorly on your strangely shaped body. [potion of mutation]
   561 | D:2      | Gained mutation: You have a pair of small horns on your head. [potion of mutation]
   561 | D:2      | Gained mutation: You have a beak for a mouth. [potion of mutation]
   570 | D:2      | HP: 1/24 [poisoned by an adder]
   570 | D:2      | Slain by an adder

Skill      XL: |  1  2 |
---------------+-------+-----
Armour         | 2 |  2.2
Axes           | 3 |  3.1
Fighting       | |  3.3
Dodging        | |  0.8

Action                   || total
-------------------------++-------
Melee: Hand axe          ||    66
       Headbutt          ||     1
  Use: Scroll            ||     4
       Potion            ||     1
Armor: Leather armour    ||    25
Dodge: Dodged            ||    56
